 Dungeon Crawl Stone Soup version 0.23.0 (webtiles) character file.

Game seed: 15793300261283659015

128 vishdafish the Skirmisher (level 5, -4/55 HPs)
             Began as an Ogre Berserker on Feb 17, 2019.
             Was a Believer of Trog.
             Slain by a leopard gecko (5 damage)
             ... on level 4 of the Dungeon.
             The game lasted 00:02:46 (2996 turns).

vishdafish the Skirmisher (Ogre Berserker)          Turns: 2996, Time: 00:02:47

Health: -4/55      AC:  3    Str: 21    XL:     5   Next: 12%
Magic:  5/5        EV: 16    Int:  9    God:    Trog [**....]
Gold:   126        SH:  0    Dex: 13    Spells: 4/4 levels left

rFire    . . .     SeeInvis .   a - +0 mace
rCold    . . .     Gourm    .   (no shield)
rNeg     . . .     Faith    .   b - +0 animal skin
rPois    .         Spirit   .   (helmet restricted)
rElec    .         Reflect  .   (no cloak)
rCorr    .         Harm     .   (gloves unavailable)
MR       .....                  (boots unavailable)
Stlth    ++........             (no amulet)
HPRegen  0.18/turn              (no ring)
MPRegen  0.09/turn              (no ring)

@: agile, lethally poisoned (-4 -> -7), berserk cooldown, flying, slowed, very
slow
A: large, unfitting armour, tough skin 1
a: Berserk, Trog's Hand, Renounce Religion


You were on level 4 of the Dungeon.
You worshipped Trog.
Trog was pleased with you.
You were hungry.

You visited 1 branch of the dungeon, and saw 4 of its levels.

You collected 126 gold pieces.

Inventory:

Hand Weapons
 a - a +0 mace (weapon)
Armour
 b - a +0 animal skin (worn)
Jewellery
 d - an uncursed ring of ice
Scrolls
 f - 4 scrolls of remove curse {unknown}
 h - 4 scrolls of identify {unknown}
 i - a scroll of amnesia {unknown}
 l - a scroll of enchant armour {unknown}
 o - a scroll of random uselessness {unknown}
 q - a scroll of magic mapping {unknown}
 r - a scroll of teleportation {unknown}
Potions
 e - a potion of heal wounds {unknown}
 g - a potion of magic {unknown}
 j - a potion of might {unknown}
 m - a potion of flight
 n - a potion of mutation {unknown}
Comestibles
 c - 2 rations
 p - a chunk of flesh


   Skills:
 + Level 4.6 Fighting
 + Level 4.0 Maces & Flails
 + Level 3.7 Dodging
 + Level 0.5 Stealth


You had 4 spell levels left.
You didn't know any spells.
Your spell library contained the following spells:

 Spells                   Type           Power        Failure   Level  Hunger
 Magic Dart               Conj           #...         38%         1    ##.....
 Blink                    Tloc           N/A          52%         2    ###....
 Call Imp                 Summ           #.......     52%         2    ###....
 Slow                     Hex            #.......     52%         2    ###....
 Conjure Flame            Conj/Fire      #.......     77%         3    ####...
 Mephitic Cloud           Conj/Pois/Air  #.......     77%         3    ####...


Dungeon Overview and Level Annotations

Branches:
Dungeon (4/15)
 Temple: D:4-7

Altars:
Dithmenos
Hepliaklqana


Innate Abilities, Weirdness & Mutations

You are too large for most types of armour.
You have tough skin. (AC +1)


Message History

The adder moves out of view.
Unknown command.
It was a potion of flight.
You feel very buoyant.
You fly up into the air.
You feel sick. The leopard gecko bites you.
* * * LOW HITPOINT WARNING * * *
The jackal misses you. The leopard gecko bites you.
* * * LOW HITPOINT WARNING * * *
The jackal bites you but does no damage.
It was a potion of agility.
You feel agile all of a sudden.
* * * LOW HITPOINT WARNING * * *
You feel sick.
The jackal barks!
The adder hisses angrily.
The jackal bites you but does no damage.
The leopard gecko bites you.
* * * LOW HITPOINT WARNING * * *
The jackal misses you. The jackal completely misses you.
The leopard gecko bites you.
You die...

.#.....# #.# ....#.# #S#
#..#.### #h# #.......
... #....#.# #h#
######>...... #.#
#...##.......
###.###h####.#.......<..
......l@h..........#.#.#
##..#######.#.##........
#.#.##...#.#.#
#.#<###.##.#.. #.#.#
#.##.### .#..# #.##.# #
#.. .....# ##


You could see an adder, a leopard gecko and 4 jackals.

Vanquished Creatures
  A worker ant (D:4)
  3 adders
  5 worms
  A dart slug (D:1)
  A leopard gecko (D:3)
  2 orcs (D:3)
  2 giant cockroaches
  4 goblins
  6 hobgoblins
  7 jackals
  8 kobolds
  A ball python (D:3)
  6 bats
  5 frilled lizards
  8 rats
60 creatures vanquished.

Notes
Turn   | Place    | Note
-------+----------+-------------------------------------------
     0 | D:1      | vishdafish the Ogre Berserker began the quest for the Orb.
     0 | D:1      | Reached XP level 1. HP: 24/24 MP: 1/1
   115 | D:1      | Reached XP level 2. HP: 26/32 MP: 2/2
   466 | D:1      | You fall through a shaft!
   520 | D:2      | Found a faded altar of an unknown god.
   526 | D:2      | Reached XP level 3. HP: 19/39 MP: 3/3
   915 | D:2      | Reached ** piety under Trog
  1817 | D:3      | Reached XP level 4. HP: 39/48 MP: 4/4
  1853 | D:3      | HP: 2/49 [poisoned by an adder]
  2798 | D:3      | Found a hazy altar of Hepliaklqana.
  2798 | D:3      | Found a shadowy altar of Dithmenos.
  2987 | D:4      | Reached XP level 5. HP: 27/55 MP: 5/5
  2996 | D:4      | HP: 2/55 [poisoned by a worker ant]
  2996 | D:4      | Slain by a leopard gecko

Skill      XL: |  1  2  3  4 |
---------------+-------------+-----
Maces & Flails | 3 4 |  4.0
Dodging        | 3 |  3.7
Fighting       | |  4.6
Stealth        | |  0.5

Action                   |  1- 3 |  4- 6 || total
-------------------------+-------+-------++-------
Melee: Mace              |   158 |    71 ||   229
Invok: Berserk           |     2 |     3 ||     5
  Use: Potion            |       |     2 ||     2
 Stab: Sleeping          |       |     1 ||     1
  Eat: Chunk             |     1 |     3 ||     4
       Ration            |     1 |     1 ||     2
Armor: Animal skin       |    63 |    15 ||    78
Dodge: Dodged            |   142 |    64 ||   206
